Map: Bridgehead LE (Void)

Players

wabbajack - Winner!

  • Race: Zerg Zerg
  • League: Gold

VOD

Have the link to the VOD?

Description

Time

  • Played on: July 21, 2015, 12:37 p.m.
  • Length: 4:41
Show
View Real Time Build Order
Export as new Build Order

wabbajack Zerg - Winner!

Build Orders: Hatch First 

Get SALT Encoding   

  12  0:02  Drone  
  12  0:12  Overlord  
  12  0:18  Drone  
  12  0:26  Drone, Extractor  
  12  0:31  Drone  
  12  0:35  Drone  
  12  0:55  Hatchery  
  12  0:56  Drone  
  12  0:59  Drone  
  12  1:01  Extractor  
  12  1:15  Spawning Pool  
  12  1:18  Drone  
  12  1:21  Drone  
  12  1:28  Drone  
  12  1:40  Drone  
  12  1:51  Overlord  
  12  2:02  Queen  
  12  2:07  Queen  
  12  2:08  Roach Warren  
  12  2:10  Drone  
  12  2:13  Drone  
  12  2:16  Drone  
  12  2:20  Drone  
  12  2:23  Drone  
  12  2:29  Overlord  
  12  2:35  Metabolic Boost  
  12  2:42  Overlord  
  12  2:49  Roach  
  12  2:52  Roach  
  12  2:55  Roach x2  
  12  3:03  Roach  
  12  3:09  Overlord  
  12  3:17  Roach x2  
  12  3:18  Roach  
  12  3:26  Zergling x4  
  12  3:27  Zergling x4  
  12  3:48  Zergling x8  
  12  3:49  Zergling x8  
  12  4:03  Overlord  
  12  4:04  Zergling x2  
  12  4:05  Zergling x6  
Tags
 
Add a new tag
Caveats
  • Supply blocks, unpowered buildings, or Contaminate may cause inaccurate times.
  • Supply counts are checked every 10 seconds.